 Dungeon Crawl Stone Soup version 0.31-a0-844-gdc52ec4e09 (webtiles) character file.

Game seed: 17706896352367137958

546 HessuHobo the Shield-Bearer (level 7, -4/44 HPs)
             Began as a Gargoyle Fighter on Sept 29, 2023.
             Was an Initiate of the Shining One.
             Constricted to death by a gnoll bouda (7 damage)
             ... on level 3 of the Dungeon.
             The game lasted 00:11:49 (3667 turns).

HessuHobo the Shield-Bearer (Gargoyle Fighter)      Turns: 3667, Time: 00:11:49

Health: -4/44      AC: 12    Str: 21 (22) XL:     7   Next: 28%
Magic:  7/7        EV:  6    Int:  5 (8)  God:    the Shining One [......]
Gold:   243        SH:  4    Dex:  6 (9)  Spells: 6/6 levels left

rFire   + . .        s - +3 dagger (speed)
rCold   + . .        c - +0 buckler
rNeg    + . .        b - +0 scale mail
rPois   ∞            (no helmet)
rElec   +            (no cloak)
rCorr   +            (no gloves)
SInv    .            (no boots)
Will    .....        (no amulet) Stlth
                     (no ring)
HPRegen 0.27/turn    (no ring)
MPRegen 0.10/turn

%: no passive effects
@: resistant, weakened, grasped by roots, glowing, constricted
A: sickness immunity, AC +4, negative energy resistance 1, electricity
resistance, torment resistance 1, petrification resistance
a: Renounce Religion


You were on level 3 of the Dungeon.
You worshipped the Shining One.
The Shining One was noncommittal.
You visited 1 branch of the dungeon, and saw 4 of its levels.

You collected 243 gold pieces.

Inventory:

Hand Weapons
 a - a +0 flail
 d - a +0 scythe
 s - a +3 dagger of speed (weapon)
 t - a +0 dagger of venom
Missiles
 g - 10 poisoned darts (quivered)
Armour
 b - a +0 scale mail (worn)
 c - a +0 buckler (worn)
 v - a +0 leather armour of fire resistance
Wands
 n - a wand of paralysis (10)
 r - a wand of roots (3)
Scrolls
 h - a scroll of fog {unknown}
 i - 5 scrolls of teleportation
 j - a scroll of torment {unknown}
 k - a scroll of immolation {unknown}
 o - a scroll of enchant armour {unknown}
 p - a scroll of identify {unknown}
 u - a scroll of brand weapon {unknown}
 w - a scroll of silence {unknown}
Potions
 m - a potion of cancellation


   Skills:
 + Level 4.9 Fighting
 * Level 1.3 Short Blades
 - Level 3.5 Maces & Flails
 + Level 2.5 Throwing
 + Level 4.9 Armour
 + Level 4.9 Shields


You had 6 spell levels left.
You didn't know any spells.
Your spell library was empty.

Dungeon Overview and Level Annotations

Branches:
Dungeon (4/15)
 Temple: D:4-7

Altars:
Elyvilon
Uskayaw
The Shining One

Shops:
D:1 ?


Innate Abilities, Weirdness & Mutations

You are immune to sickness and miasma.
Your stone body is resilient. (AC +4)
You are immune to poison.
You resist negative energy. (rN+)
You are resistant to electric shocks. (rElec)
You are resistant to unholy torment.
You are immune to petrification.


Message History

The gnoll bouda hits you with a +0 long sword!
* * * LOW HITPOINT WARNING * * *
The grasping roots constrict you.
The grasping roots release their grip on you.
It was a potion of curing.
You feel better.
The gnoll bouda hits you with a +0 long sword.
* * * LOW HITPOINT WARNING * * *
You barely miss the gnoll bouda.
The gnoll bouda is heavily wounded.
You barely miss the gnoll bouda.
The gnoll bouda is heavily wounded.
The gnoll bouda hits you with a +0 long sword.
* * * LOW HITPOINT WARNING * * *
You hit the gnoll bouda but do no damage.
The gnoll bouda is heavily wounded.
The gnoll bouda misses you.
It was a potion of degeneration.
There was something very wrong with that liquid.
You feel weakened.
You feel dopey.
You feel clumsy.
The gnoll bouda hits you with a +0 long sword.
* * * LOW HITPOINT WARNING * * *
It was a potion of resistance.
You feel protected. The gnoll bouda closely misses you.
You hit the gnoll bouda.
The gnoll bouda is severely wounded.
You hit the gnoll bouda.
The gnoll bouda is severely wounded.
The gnoll bouda gazes fiercely through you!
You feel as though you will be weak longer.
The gnoll bouda closely misses you.
Okay, then.
You hit the gnoll bouda.
The gnoll bouda is almost dead.
You hit the gnoll bouda.
The gnoll bouda is almost dead.
The gnoll bouda zaps a wand.
The roots erupt in riotous growth!
The grasping roots grab you!
The gnoll bouda is unaffected.
The grasping roots constrict you!
You die...

...#####..#.### #......#....#
###....#...#########
≈~######..##.......#
~~~~..#...##.......#
~~....#.####.......#
........####.......#
...............g...#
...............)@).###
...............†.....#####
....)............###.....########
.................###.###.........
.................##.###.###.###.#
.....)...........#...............
...................##.###.###.##.
.................#.#...........#.
......##.........#...##.###.##...


You could see a gnoll bouda.

Vanquished Creatures
  Sigmund (D:3)
  A kobold brigand (D:3)
  A scorpion (D:3)
  A sleepcap (D:3)
  Ijyb (D:3)
  Jessica (D:3)
  3 gnolls
  6 adders
  A worm (D:3)
  2 dart slugs
  7 ball pythons
  4 bats
  5 endoplasms
  12 giant cockroaches
  6 hobgoblins
  4 jackals (D:4)
  14 kobolds
  3 quokkas
  A frilled lizard (D:1)
  12 goblins
  3 rats
89 creatures vanquished.

Notes
Turn   | Place    | Note
-------+----------+-------------------------------------------
     0 | D:1      | HessuHobo the Gargoyle Fighter began the quest for the Orb.
     0 | D:1      | Reached XP level 1. HP: 14/14 MP: 1/1
    83 | D:1      | Found Mecraeps's Magic Scroll Boutique.
   205 | D:1      | Reached XP level 2. HP: 17/19 MP: 2/2
   601 | D:1      | Reached XP level 3. HP: 23/23 MP: 3/3
  1160 | D:2      | Found a faded altar of an unknown god.
  1274 | D:2      | Reached XP level 4. HP: 29/29 MP: 4/4
  1606 | D:2      | You fall into a shaft and drop 2 floors!
  1611 | D:4      | Found a white marble altar of Elyvilon.
  1617 | D:4      | Found a glowing golden altar of the Shining One.
  1617 | D:4      | Found a hide-covered altar of Uskayaw.
  1627 | D:4      | Became a worshipper of the Shining One
  1686 | D:4      | Reached skill level 1 in Throwing
  1776 | D:4      | Noticed a scorpion
  1864 | D:3      | Noticed a scorpion
  1871 | D:3      | Killed a scorpion
  1872 | D:3      | Reached XP level 5. HP: 24/33 MP: 5/5
  1875 | D:3      | Noticed Sigmund
  1887 | D:3      | Killed Sigmund
  1888 | D:3      | Reached XP level 6. HP: 31/39 MP: 6/6
  1969 | D:3      | Noticed Ijyb
  1985 | D:3      | Paralysed by Ijyb for 4 turns
  1990 | D:3      | Killed Ijyb
  2438 | D:3      | Noticed Jessica
  2454 | D:3      | Killed Jessica
  2549 | D:3      | Reached XP level 7. HP: 19/44 MP: 7/7
  3301 | D:3      | Reached skill level 1 in Short Blades
  3657 | D:3      | HP: 2/44 [gnoll bouda/+0 long sword (7)]
  3662 | D:3      | HP: 2/44 [gnoll bouda/+0 long sword (6)]
  3667 | D:3      | Constricted to death by a gnoll bouda

Illustrated notes

Levels and vault maps discovered:
D:1:      psy_arrival_conway, layout_basic, serial_shops, shop
D:2:      layout_basic, dreamdust_ecumenical_altar_statues
D:3:      cheibrodos_thug_alley, layout_rooms, gup_sewer_entry_pipe,
          nicolae_concentric_dashed_squares_wild, corexii_leaking_fountain,
          uniq_jessica, uniq_sigmund, uniq_ijyb
D:4:      layout_cave_pools, gammafunk_temple_overflow_forgotten, st_stairs_1,
          uniq_pikel

Skill      XL: |  1  2  3  4  5  6  7 |
---------------+----------------------+-----
Throwing       | 1 2 |  2.5
Fighting       | 4 |  4.9
Armour         | 4 |  4.9
Shields        | 4 |  4.9
Maces & Flails | 3 |  3.5
Short Blades   | 1 |  1.3

Action                     |  1- 3 |  4- 6 |  7- 9 || total
---------------------------+-------+-------+-------++-------
  Melee: Flail             |    96 |   170 |       ||   266
         Dagger            |       |    31 |   144 ||   175
  Throw: Dart              |       |       |     5 ||     5
    Use: Potion            |       |     4 |     5 ||     9
         Scroll            |       |       |     1 ||     1
 Armour: Scale mail        |    80 |   348 |    71 ||   499
         Skin              |       |       |    12 ||    12
  Dodge: Dodged            |    42 |   144 |    48 ||   234
  Block: Buckler           |    19 |    92 |    23 ||   134

Table legend: (Time is in decaauts)
 A = Elapsed time spent in this place.
 B = Non-inter-level travel time spent in this place.
 C = Inter-level travel time spent in this place.
 D = Time resting spent in this place.
 E = Time spent auto-exploring this place.
 F = Levels seen in this place.
 G = Mean time per level.
                   A        B        C        D        E       F      G
               +--------+--------+--------+--------+--------+-----+--------+
         Total |   3711 |   3525 |    186 |    718 |   1961 |   4 |  927.8 |
       Dungeon |   3711 |   3525 |    186 |    718 |   1961 |   4 |  927.8 |
               +--------+--------+--------+--------+--------+-----+--------+

Top non-repeatable levels by time:
     D:3: 1546 daAuts
     D:1: 1041 daAuts
     D:2: 901 daAuts
     D:4: 222 daAuts
